 Dungeon Crawl Stone Soup version 0.30-a0-964-gd452b5e7fa (webtiles) character file.

Game seed: 9968049563520975262

322 vishdafish the Conjurer (level 6, 27/41 HPs)
             Began as a Demonspawn Conjurer on Mar 30, 2023.
             Quit the game on level 3 of the Dungeon.
             The game lasted 00:02:40 (2622 turns).

vishdafish the Conjurer (Demonspawn Conjurer)       Turns: 2622, Time: 00:02:40

Health: 27/41      AC:  5    Str:  8    XL:     6   Next: 22%
Magic:  10/12      EV: 12    Int: 21    God:
Gold:   210        SH:  0    Dex: 11    Spells: 13/14 levels left

rFire   . . .      SeeInvis .    (no weapon)
rCold   . . .      Faith    .    (no shield)
rNeg    . . .      Spirit   .    a - +0 robe
rPois   .          Reflect  .    (helmet restricted)
rElec   .          Rampage  .    (no cloak)
rCorr   .                        (no gloves)
Will    .....                    (no boots)
Stlth   ++                       g - amulet of magic regeneration
HPRegen 0.26/turn                n - ring of wizardry
MPRegen 0.53/turn                (no ring)

@: brilliant
A: horns 1, yellow scales 2
a: no special abilities


You were on level 3 of the Dungeon.
You visited 1 branch of the dungeon, and saw 3 of its levels.

You collected 210 gold pieces.

Inventory:

Armour
 a - a +0 robe (worn)
Jewellery
 g - an amulet of magic regeneration (around neck)
 k - a ring of ice
 n - a ring of wizardry (left hand)
 o - a ring of fire
Scrolls
 c - 3 scrolls of noise {unknown}
 e - 2 scrolls of teleportation {unknown}
 i - a scroll of fog {unknown}
 l - a scroll of identify {unknown}
 p - a scroll of amnesia {unknown}
 r - a scroll of magic mapping {unknown}
Potions
 b - a potion of curing {unknown}
 d - a potion of attraction {unknown}
 f - a potion of brilliance
 h - a potion of haste {unknown}
 j - a potion of might {unknown}
 m - a potion of degeneration {unknown}
 q - a potion of berserk rage {unknown}


   Skills:
 - Level 1.7 Dodging
 - Level 1.7 Stealth
 + Level 4.5 Spellcasting
 + Level 6.0 Conjurations


You had 13 spell levels left.
You knew the following spells:

 Your Spells              Type           Power      Damage    Failure   Level
a - Magic Dart            Conj           100%       1d8       1%          1

Your spell library contained the following spells:

 Spells                   Type           Power      Damage    Failure   Level
 Kiss of Death            Conj/Necr      100%       2d13      1%          1
 Searing Ray              Conj           90%        2d7       1%          2
 Sting                    Tmut/Pois      28%        1d4       4%          1
 Dazzling Flash           Conj/Hex       52%        N/A       4%          3
 Poisonous Vapours        Pois/Air       14%        N/A       7%          2
 Fulminant Prism          Conj/Hex       13%        3d8       13%         4
 Iskenderun's Mystic Bla  Conj/Tloc      26%        2d7       13%         4
 Confusing Touch          Hex            7%         N/A       14%         3
 Dispel Undead            Necr           7%         3d8       41%         4
 Olgreb's Toxic Radiance  Pois           7%         N/A       41%         4


Dungeon Overview and Level Annotations

Branches:
Dungeon (3/15)

Altars:


Innate Abilities, Weirdness & Mutations

You have a pair of small horns on your head.
You are mostly covered in yellow scales. (AC +3)


Message History

Sigmund is moderately wounded.
Sigmund shouts!
The magic dart hits Sigmund!
Sigmund is heavily wounded.
The magic dart hits Sigmund.
Sigmund is heavily wounded.
The magic dart hits Sigmund!
Sigmund is severely wounded.
Sigmund points at you and mumbles some strange words.
The magic dart hits you!
The magic dart hits Sigmund.
Sigmund is almost dead.
The magic dart hits Sigmund.
Sigmund is almost dead.
Sigmund points at you and mumbles some strange words.
You are confused.
You're too confused to cast spells.
You're too confused to cast spells.
It was a potion of brilliance.
You feel clever all of a sudden. Sigmund barely misses you.
You're too confused to cast spells.
You bump into the rock wall.
Sigmund hits you from afar with a +0 scythe.
You bump into the rock wall.
You feel less confused. Sigmund closely misses you.
Aiming: Magic Dart (safe; 1% risk of failure)
Press: ? - help, Q - select action Shift-Dir - straight line, f/p - Sigmund
Aim: Sigmund, wielding a +0 scythe and wearing a +0 robe (almost dead, 100% to hit)
You feel a surge of power!
The magic dart hits Sigmund.
You kill Sigmund!
Your Spellcasting skill increases to level 4!
Your Conjurations skill increases to level 6!
You have reached level 6!
Your demonic ancestry asserts itself...
A pair of horns grows on your head!
Things that are here:
a +0 scythe; a +0 robe; the human corpse of Sigmund Are you sure you want to abandon this character and quit the game? (Confirm with "yes".)

### #.. #####.#
########## #...#.#
#......... #...#.#
#@######## #......
#.#......#.#......
#.#.####.#.#......
#.#.# #.#.#......
#.#.# #.#.#......
#.#.# #.#.#......
#.#.# #.#.#......
#.#.# #.#.#......
#.#.# #........##


There were no monsters in sight!

Vanquished Creatures
  Sigmund (D:3)
  A hound (D:3)
  Robin (D:2)
  2 adders
  2 dart slugs
  4 orcs
  6 endoplasms
  3 giant cockroaches
  13 goblins
  9 hobgoblins
  3 jackals (D:2)
  2 quokkas (D:1)
  4 ball pythons
  6 bats
  6 frilled lizards
  11 kobolds
  6 rats
80 creatures vanquished.

Notes
Turn   | Place    | Note
-------+----------+-------------------------------------------
     0 | D:1      | vishdafish the Demonspawn Conjurer began the quest for the
                  | Orb.
     0 | D:1      | Reached XP level 1. HP: 13/13 MP: 3/3
   183 | D:1      | Gained mutation: You are partially covered in yellow
                  | scales. (AC +2) [demonic ancestry]
   183 | D:1      | Reached XP level 2. HP: 16/19 MP: 0/5
   953 | D:2      | Gained mutation: You are mostly covered in yellow scales.
                  | (AC +3) [demonic ancestry]
   953 | D:2      | Reached XP level 3. HP: 24/24 MP: 4/7
  1092 | D:2      | Noticed Robin
  1099 | D:2      | Killed Robin
  1112 | D:2      | Reached XP level 4. HP: 23/30 MP: 6/8
  1701 | D:2      | Reached skill level 5 in Conjurations
  1942 | D:3      | Found a faded altar of an unknown god.
  2304 | D:3      | Reached XP level 5. HP: 28/35 MP: 5/10
  2607 | D:3      | Noticed Sigmund
  2620 | D:3      | Killed Sigmund
  2621 | D:3      | Reached skill level 6 in Conjurations
  2621 | D:3      | Gained mutation: You have a pair of small horns on your
                  | head. [demonic ancestry]
  2621 | D:3      | Reached XP level 6. HP: 27/41 MP: 9/12
  2622 | D:3      | Quit the game

Illustrated notes

Levels and vault maps discovered:
D:1:      lemuel_arrival_broad_hall, layout_loops_ring, hangedman_decor_lopped
D:2:      wander_river, layout_basic, kennysheep_generic_room_6, uniq_robin
D:3:      layout_basic, serial_glass, glass_columns_c, glass_columns_b,
          glass_columns_b, glass_columns_c, glass_columns_b, glass_columns_a,
          ebering_ecumenical_altar_webs, uniq_sigmund

Skill      XL: |  1  2  3  4  5 |
---------------+----------------+-----
Spellcasting   | 3 4 |  4.5
Conjurations   | 5 6 |  6.0
Dodging        | |  1.7
Stealth        | |  1.7

Action                     |  1- 3 |  4- 6 || total
---------------------------+-------+-------++-------
  Melee: Unarmed           |    10 |       ||    10
   Cast: Magic Dart        |    80 |    84 ||   164
    Use: Potion            |     1 |     1 ||     2
 Armour: Robe              |     9 |     4 ||    13
  Dodge: Dodged            |    14 |    10 ||    24

Table legend: (Time is in decaauts)
 A = Elapsed time spent in this place.
 B = Non-inter-level travel time spent in this place.
 C = Inter-level travel time spent in this place.
 D = Time resting spent in this place.
 E = Time spent auto-exploring this place.
 F = Levels seen in this place.
 G = Mean time per level.
                   A        B        C        D        E       F      G
               +--------+--------+--------+--------+--------+-----+--------+
         Total |   2630 |   2583 |     47 |      0 |   2251 |   3 |  876.7 |
       Dungeon |   2630 |   2583 |     47 |      0 |   2251 |   3 |  876.7 |
               +--------+--------+--------+--------+--------+-----+--------+

Top non-repeatable levels by time:
     D:2: 1009 daAuts
     D:1: 864 daAuts
     D:3: 757 daAuts
